 Dungeon Crawl Stone Soup version 0.29.0-4-gdea44cf6ec (webtiles) character file.

Game seed: 17584609576392109215

903 qw the Cleaver (level 7, -4/63 HPs)
             Began as a Minotaur Fighter on Sept 4, 2022.
             Killed from afar by Pikel (11 damage)
             ... with a bolt of light
             ... on level 6 of the Dungeon.
             The game lasted 00:02:08 (5730 turns).

qw the Cleaver (Minotaur Fighter)                   Turns: 5730, Time: 00:02:09

Health: -4/63      AC:  6    Str: 22    XL:     7   Next: 80%
Magic:  6/6        EV: 10    Int:  4    God:
Gold:   315        SH:  5    Dex: 13    Spells: 6/6 levels left

rFire   . . .      SeeInvis .   Y - +1 war axe
rCold   . . .      Faith    .   c - +0 buckler
rNeg    . . .      Spirit   .   b - +0 scale mail
rPois   .          Reflect  .   (helmet restricted)
rElec   .          Harm     .   (no cloak)
rCorr   .          Rampage  .   (no gloves)
Will    .....                   (no boots)
Stlth   ..........              (no amulet)
HPRegen 0.20/turn               (no ring)
MPRegen 0.10/turn               (no ring)

@: no status effects
A: horns 2, retaliatory headbutt, agile 1, sense surroundings 1, subdued magic 1
a: no special abilities


You were on level 6 of the Dungeon.
You visited 2 branches of the dungeon, and saw 7 of its levels.

You collected 315 gold pieces.


Innate Abilities, Weirdness & Mutations

You have a pair of horns on your head.
You reflexively headbutt those who attack you in melee.
You are agile. (Dex +4, Str/Int -1)
You passively map a small area around you.
Your spells are a little easier to cast, but a little less powerful.


   Skills:
 - Level 6.3 Fighting
 + Level 9.0 Axes
 - Level 3.6 Armour
 - Level 2.8 Dodging
 - Level 3.6 Shields


You had 6 spell levels left.
You didn't know any spells.
Your spell library was empty.

Inventory:

Hand Weapons
 i - a +0 morningstar
 Y - a +1 war axe (weapon)
Armour
 b - a +0 scale mail (worn)
 c - a +0 buckler (worn)
Scrolls
 a - a scroll of summoning {unknown}
 f - 4 scrolls of identify
 g - 2 scrolls of teleportation
Potions
 d - 3 potions of might
 e - 4 potions of mutation
 h - 3 potions of haste
 j - a potion of curing
 n - 2 potions of heal wounds

Dungeon Overview and Level Annotations

Branches:
Dungeon (6/15)             Temple (1/1) D:5

Altars:
Ashenzari
Cheibriados
Elyvilon
Gozag
Makhleb
Nemelex Xobeh
Okawaru
Qazlal
Sif Muna
Trog
Uskayaw
Vehumet
Wu Jian
Xom
Yredelemnul
Zin
The Shining One

Annotations:
D:6 Pikel


Message History

Pikel shouts!
The lemure shouts! x2
A worm comes into view.
You block the lemure's attack.
You hit Pikel but do no damage. Your headbutt misses Pikel.
You slash the lemure! Pikel hits you but does no damage.
You slash the lemure! Your headbutt misses the lemure.
The lemure is severely wounded.
You hit the lemure. You hit Pikel but do no damage.
You hit the lemure but do no damage.
A giant cockroach comes into view.
The lemure hits you. You block the lemure's attack. You block Pikel's attack.
You hit the lemure but do no damage.
The lemure is severely wounded.
You hit the lemure. x2; You closely miss Pikel.
You closely miss the lemure. The lemure hits you.
The lemure barely misses you. x2
The lemure hits you but does no damage.
Pikel cracks his whip.
Pikel zaps a wand.
The bolt of light hits you! The lemure hits you but does no damage.
You hit the lemure. Your headbutt misses the lemure.
The lemure is almost dead.
You hit the lemure but do no damage. You hit the lemure.
You hit Pikel but do no damage. You closely miss the lemure.
The lemure hits you but does no damage. The lemure hits you.
The lemure hits you but does no damage. Pikel completely misses you.
The lemure hits you.
You slash the lemure!
You kill the lemure!
That felt strangely unrewarding.
You hit Pikel but do no damage. You hit the lemure.
You closely miss the lemure. You hit the lemure.
The lemure hits you but does no damage. The lemure hits you.
The lemure hits you! Pikel misses you.
You closely miss the lemure. You headbutt the lemure.
The lemure is heavily wounded.
You completely miss the lemure. You hit Pikel but do no damage.
You hit the lemure. The lemure hits you.
The lemure hits you but does no damage. The lemure hits you!
Pikel zaps a wand.
The bolt of light hits you!
You die...

#.#..<#.# ,#.#...#.#
#.###.#.# #.....#.# # *
.#######.# #######.## *
.........######......(.#
*
........................
,
.##############.55.....#
** ,,, , ,,, #.@K......
, * #..5B..$.. , *
#......... * *
#......w.~ * #######..~
, ** , , ,,,.~ ~ * * *
** . ,, ,** ,, *


You could see Pikel, 3 lemures, a worm and a giant cockroach.

Vanquished Creatures
  Prince Ribbit (D:6)
  An ogre (D:5)
  A lemure (D:6)
  A bullfrog (D:4)
  3 scorpions
  2 hounds
  Jessica (D:3)
  Ijyb (D:3)
  An iguana (D:5)
  2 orc wizards
  9 adders
  4 worms (D:2)
  A dart slug (D:2)
  12 orcs
  5 ball pythons
  4 bats (D:1)
  7 endoplasms
  4 giant cockroaches
  11 goblins
  10 hobgoblins
  9 jackals
  2 quokkas
  6 frilled lizards
  4 kobolds
  6 rats
108 creatures vanquished.

Notes
Turn   | Place    | Note
-------+----------+-------------------------------------------
     0 | D:1      | qw the Minotaur Fighter began the quest for the Orb.
     0 | D:1      | Reached XP level 1. HP: 19/19 MP: 0/0
     0 | D:1      | 0 ||| qw: Version: 0.1-a-103-gd6f5d3a
     0 | D:1      | 0 ||| qw: Game counter: 5610
     0 | D:1      | 0 ||| qw: Always use a shield: true
     0 | D:1      | 0 ||| qw: God list: Ru
     0 | D:1      | 0 ||| qw: Allow faded altars: false
     0 | D:1      | 0 ||| qw: Do Orc after D:15 true
     0 | D:1      | 0 ||| qw: Do second Lair branch before Depths: true
     0 | D:1      | 0 ||| qw: Lair rune preference: random
     0 | D:1      | 0 ||| qw: Plans: Normal
     0 | D:1      | 0 ||| PLANNING D:1-11
    23 | D:1      | 23 ||| Stepping ~*~*~tactically~*~*~ (stealth).
    91 | D:1      | Reached skill level 3 in Axes
   198 | D:1      | Reached XP level 2. HP: 26/26 MP: 1/1
   260 | D:1      | Found a faded altar of an unknown god.
   452 | D:1      | Reached skill level 4 in Axes
   805 | D:1      | Reached XP level 3. HP: 31/31 MP: 2/2
  1048 | D:1      | 1048 ||| DROPPING ring of flight.
  1049 | D:1      | 1049 ||| READING scroll labelled FOKUASCH KITA.
  1050 | D:1      | 1050 ||| READING 3 scrolls labelled CIFOEXECZE.
  1051 | D:1      | 1051 ||| READING scroll labelled SUELEPSUEF.
  1052 | D:1      | 1052 ||| READING scroll labelled ZEX ROEFROCW.
  1053 | D:1      | 1053 ||| READING scroll labelled HUGOST WOUNIA.
  1056 | D:1      | 1056 ||| READING scroll labelled XEUMUM QAUPYIH.
  1057 | D:1      | 1057 ||| READING scroll labelled NUOSTR GIFO.
  1058 | D:1      | 1058 ||| DRINKING 2 black potions.
  1059 | D:1      | 1059 ||| DRINKING 2 grey potions.
  1060 | D:1      | 1060 ||| READING 2 scrolls of identify.
  1060 | D:1      | 1060 ||| IDENTIFYING fuming puce potion
  1061 | D:1      | 1061 ||| DROPPING potion of degeneration.
  1062 | D:1      | 1062 ||| DROPPING potion of invisibility.
  1566 | D:2      | Reached skill level 5 in Axes
  1680 | D:2      | Reached XP level 4. HP: 39/39 MP: 3/3
  1918 | D:2      | 1918 ||| READING 2 scrolls of identify.
  1918 | D:2      | 1918 ||| IDENTIFYING inky potion
  1919 | D:2      | 1919 ||| DROPPING potion of attraction.
  1942 | D:3      | Identified the +5 dagger of Dust {flame, rPois rC+ Str-2}
  1993 | D:3      | Reached skill level 1 in Dodging
  2022 | D:3      | 2022 ||| Stepping ~*~*~tactically~*~*~ (stealth).
  2024 | D:3      | 2024 ||| Stepping ~*~*~tactically~*~*~ (stealth).
  2026 | D:3      | 2026 ||| Stepping ~*~*~tactically~*~*~ (stealth).
  2044 | D:3      | Reached skill level 6 in Axes
  2044 | D:3      | Reached XP level 5. HP: 34/45 MP: 4/4
  2119 | D:3      | 2119 ||| Stepping ~*~*~tactically~*~*~ (stealth).
  2125 | D:3      | 2125 ||| Stepping ~*~*~tactically~*~*~ (stealth).
  2204 | D:3      | 2204 ||| Stepping ~*~*~tactically~*~*~ (stealth).
  2218 | D:3      | 2218 ||| Stepping ~*~*~tactically~*~*~ (stealth).
  2462 | D:3      | Noticed Ijyb
  2463 | D:3      | 2463 ||| Stepping ~*~*~tactically~*~*~ (hiding).
  2475 | D:3      | Killed Ijyb
  2477 | D:3      | 2477 ||| FLEEEEING.
  2646 | D:3      | 2646 ||| DROPPING +0 club.
  2777 | D:3      | Noticed Jessica
  2778 | D:3      | 2778 ||| Stepping ~*~*~tactically~*~*~ (hiding).
  2785 | D:3      | Killed Jessica
  2786 | D:3      | Reached skill level 7 in Axes
  2799 | D:3      | 2799 ||| Stepping ~*~*~tactically~*~*~ (stealth).
  2807 | D:3      | 2807 ||| Stepping ~*~*~tactically~*~*~ (stealth).
  2808 | D:3      | 2808 ||| Stepping ~*~*~tactically~*~*~ (stealth).
  2834 | D:3      | 2834 ||| Stepping ~*~*~tactically~*~*~ (stealth).
  2847 | D:3      | 2847 ||| Stepping ~*~*~tactically~*~*~ (stealth).
  2848 | D:3      | 2848 ||| Stepping ~*~*~tactically~*~*~ (stealth).
  2936 | D:3      | 2936 ||| DROPPING +7 club.
  3384 | D:3      | 3384 ||| READING scroll labelled TAT WOMIERAC.
  3385 | D:3      | 3385 ||| READING scroll labelled CIWKEYXYOLA.
  3386 | D:3      | 3386 ||| READING scroll labelled NANELUUHENK.
  3387 | D:3      | 3387 ||| READING scroll labelled MYVAURUAVUI.
  3388 | D:3      | 3388 ||| DRINKING 3 metallic coppery potions.
  3388 | D:3      | Gained mutation: You are agile. (Dex +4, Str/Int -1)
                  | [potion of mutation]
  3388 | D:3      | Gained mutation: You passively map a small area around you.
                  | [potion of mutation]
  3388 | D:3      | Gained mutation: Your spells are a little easier to cast,
                  | but a little less powerful. [potion of mutation]
  3553 | D:4      | Found a snail-covered altar of Cheibriados.
  3555 | D:4      | Found a burning altar of Makhleb.
  3667 | D:4      | HP: 9/46 [bullfrog (7)]
  3668 | D:4      | 3668 ||| READING 3 scrolls of teleportation.
  3669 | D:4      | 3669 ||| DRINKING 3 potions of heal wounds.
  3671 | D:4      | Reached XP level 6. HP: 31/52 MP: 5/5
  3699 | D:4      | 3699 ||| FLEEEEING.
  3701 | D:4      | 3701 ||| FLEEEEING.
  3702 | D:4      | 3702 ||| STAIRDANCE
  3800 | D:4      | 3800 ||| STAIRDANCE
  3894 | D:4      | 3894 ||| DROPPING +0 mace.
  4021 | D:4      | Reached skill level 8 in Axes
  4210 | D:4      | 4210 ||| DROPPING amulet of faith.
  4211 | D:4      | 4211 ||| DRINKING 2 amethyst potions.
  4212 | D:4      | 4212 ||| DROPPING potion of flight.
  4285 | D:4      | 4285 ||| FLEEEEING.
  4286 | D:4      | 4286 ||| FLEEEEING.
  4287 | D:4      | 4287 ||| FLEEEEING.
  4288 | D:4      | 4288 ||| FLEEEEING.
  4289 | D:4      | 4289 ||| FLEEEEING.
  4290 | D:4      | 4290 ||| FLEEEEING.
  4291 | D:4      | 4291 ||| FLEEEEING.
  4292 | D:4      | 4292 ||| FLEEEEING.
  4297 | D:4      | 4297 ||| FLEEEEING.
  4298 | D:4      | 4298 ||| FLEEEEING.
  4301 | D:4      | 4301 ||| STAIRDANCE
  4386 | D:5      | Entered Level 5 of the Dungeon
  4394 | D:5      | Found a white marble altar of Elyvilon.
  4499 | D:5      | Reached XP level 7. HP: 21/59 MP: 6/6
  4745 | D:5      | 4745 ||| Stepping ~*~*~tactically~*~*~ (stealth).
  4747 | D:5      | 4747 ||| Stepping ~*~*~tactically~*~*~ (stealth).
  4759 | D:5      | 4759 ||| DROPPING +0 flail.
  4791 | D:5      | Reached skill level 9 in Axes
  5009 | D:5      | Found a staircase to the Ecumenical Temple.
  5010 | D:5      | 5010 ||| PLANNING TEMPLE
  5010 | D:5      | 5010 ||| READING scroll labelled ZEVALE HUAHOG.
  5011 | D:5      | 5011 ||| READING 3 scrolls of identify.
  5011 | D:5      | 5011 ||| IDENTIFYING purple potion
  5020 | Temple   | Entered the Ecumenical Temple
  5075 | Temple   | 5075 ||| PLANNING D:1-11
  5436 | D:6      | 5436 ||| PLANNING SEWER
  5464 | D:6      | Noticed Prince Ribbit
  5474 | D:6      | Killed Prince Ribbit
  5475 | D:6      | Reached skill level 6 in Fighting
  5505 | D:6      | 5505 ||| FLEEEEING.
  5721 | D:6      | Noticed Pikel
  5730 | D:6      | HP: 14/63 [lemure[Pikel] (6)]
  5730 | D:6      | Killed from afar by Pikel

Levels and vault maps discovered:
D:1:      lemuel_arrival_rhombus, layout_basic, nicolae_ecumenical_lake_church,
          grunt_decor_mini_mirrors, minivault_25
D:2:      layout_loops_cross, minmay_crystal_water,
          wander_ebering_terrifying_dragon_lair
D:3:      layout_basic, minmay_misc_feat_alley, nicolae_eternal_life,
          roderic_roman_lattice, nrook_mini_vaults, grunt_decor_resistance,
          hex_intersection, uniq_jessica, uniq_ijyb
D:4:      layout_loops_cross, chequers_temple_overflow_statue_of_worship,
          hangedman_decor_peaks_small, kennysheep_nub
D:5:      layout_loops_ring, elyvilon_altar_5, minmay_temple_entry_large_hall,
          serial_bayou_pond_e
D:6:      layout_basic, portal_sewer_entry_a, uniq_pikel, uniq_prince_ribbit1,
          uniq_grinder
Temple:   zaba_magenta_temple

Skill      XL: |  1  2  3  4  5  6  7 |
---------------+----------------------+-----
Axes           | 3 4 5 6 7 8 9 |  9.0
Dodging        | 1 2 |  2.8
Fighting       | 4 6 |  6.3
Armour         | |  3.6
Shields        | |  3.6

Action                   |  1- 3 |  4- 6 |  7- 9 || total
-------------------------+-------+-------+-------++-------
Melee: War axe           |    91 |   115 |    52 ||   258
       Headbutt          |    18 |     8 |     9 ||    35
Throw: Boomerang         |       |     8 |     1 ||     9
  Use: Scroll            |     8 |     6 |     2 ||    16
       Potion            |     2 |     3 |       ||     5
Armor: Scale mail        |    32 |    46 |    17 ||    95
Dodge: Dodged            |    38 |    34 |    13 ||    85
Block: Buckler           |    14 |    20 |    10 ||    44

Table legend:
 A = Non-vault XP
 B = Vault XP
 C = Vault XP percentage of total XP
 D = Non-vault monster count
 E = Vault monster count
 F = Vault count percentage of total count
                 A         B        C        D         E       F
            +---------+---------+-------+---------+---------+-------
      Total |     932 |     358 |  27.8 |     102 |       5 |   4.7
            +---------+---------+-------+---------+---------+-------
        D:1 |      43 |       0 |   0.0 |      24 |       0 |   0.0
        D:2 |      84 |       1 |   1.2 |      21 |       1 |   4.5
        D:3 |     127 |      72 |  36.2 |      28 |       2 |   6.7
        D:4 |     289 |       0 |   0.0 |      15 |       0 |   0.0
        D:5 |     389 |       0 |   0.0 |      14 |       0 |   0.0
        D:6 |       0 |     285 | 100.0 |       0 |       2 | 100.0
            +---------+---------+-------+---------+---------+-------
